 Dungeon Crawl Stone Soup version 0.19.5 (webtiles) character file.

109392 Goblin1989 the Metallomancer (level 16, -9/169 HPs)
             Began as a Deep Dwarf Earth Elementalist on Mar 3, 2017.
             Was the Champion of Makhleb.
             Mangled by a titanic slime creature (83 damage)
             ... on level 4 of the Lair of Beasts on May 2, 2017.
             The game lasted 05:21:32 (38210 turns).

Goblin1989 the Metallomancer (DDEE)                Turns: 38210, Time: 05:21:32

Health: -9/169     AC: 29    Str: 15    XL:     16   Next: 4%
Magic:  2/31       EV: 17    Int: 22    God:    Makhleb [******]
Gold:   1461       SH:  7    Dex: 13    Spells: 8 memorised, 7 levels left

rFire  . . .     SeeInvis +       - Unarmed
rCold  + . .     Gourm    .     (armour currently unavailable)
rNeg   + + +     Faith    .     C - +2 buckler
rPois  ∞         Spirit   .     (no helmet)
rElec  +         Reflect  .     l - +1 cloak
rCorr  .         Harm     .     (gloves currently unavailable)
MR     ++...                    (boots currently unavailable)
Stlth  ++........               O - amulet of Xom's Recklessness {Inacc *Drain rElec rC+}
                                s - ring of see invisible (curse)
                                U - ring of positive energy

@: statue-form (expiring), very slightly contaminated, non-regenerating, very
slow
A: damage resistance, recharge devices, negative energy resistance 1, sense
surroundings 2, slow regeneration 3, strong 1
a: Device Recharging, End Transformation, Minor Destruction, Lesser Servant of
Makhleb, Major Destruction, Greater Servant of Makhleb, Renounce Religion


You were on level 4 of the Lair of Beasts.
You worshipped Makhleb.
Makhleb was exalted by your worship.
You were not hungry.
You were a stone statue.
You visited 6 branches of the dungeon, and saw 26 of its levels.
You also visited: Ice Cave.

You collected 2966 gold pieces.
You spent 1505 gold pieces at shops.

Inventory:

Missiles
 a - 200 stones (quivered)
 Z - a throwing net {!d, =f}
Armour
 l - a +1 cloak (worn)
 C - a +2 buckler (worn)
 F - a +2 pair of gloves of dexterity (melded)
 I - a +1 pair of boots of stealth (melded)
 S - the +0 leather armour of Xom's Pride (melded) {rF+ rC+ rN+ MR+}
   (You found it on level 4 of the Lair of Beasts)

   It protects you from fire.
   It protects you from cold.
   It protects you from negative energy.
   It affects your resistance to hostile enchantments.
Magical Staves
 w - an uncursed staff of earth
Jewellery
 c - an uncursed ring of protection from cold
 g - an uncursed ring of resist corrosion
 r - an uncursed ring of fire
 s - a cursed ring of see invisible (right hand)
 O - the amulet of Xom's Recklessness (around neck) {Inacc *Drain rElec rC+}
   (You bought it in a shop on level 2 of the Orcish Mines)

   [amulet of inaccuracy]

   It reduces the accuracy of all your attacks.
   It protects you from cold.
   It insulates you from electricity.
   It causes draining when unequipped.
 U - a ring of positive energy (left hand)
 Y - an uncursed amulet of magic regeneration
Wands
 h - a wand of heal wounds (0/9) {@v1, !v}
 A - a wand of disintegration (2/24)
 E - a wand of disintegration (11/24)
 G - a wand of disintegration (14/24)
Scrolls
 j - 4 scrolls of fog
 n - 3 scrolls of amnesia
 o - a scroll of summoning
 p - a scroll of fear
 x - 2 scrolls of immolation
 y - 7 scrolls of remove curse {@r2}
 B - 3 scrolls of blinking
 D - 6 scrolls of enchant armour
 H - 2 scrolls of noise
 L - a scroll of holy word
 M - 4 scrolls of magic mapping
 R - a scroll of torment {unknown}
 T - 5 scrolls of teleportation {!r, @r3}
Potions
 f - a potion of agility
 m - a potion of cancellation
 q - a potion of ambrosia
 t - 4 potions of resistance
 u - 2 potions of haste {@q3, !q}
 v - 3 potions of flight
 K - a potion of brilliance
 P - 2 potions of cure mutation {!q}
 Q - 4 potions of curing {@q1}
 W - a potion of magic
 X - a potion of heal wounds {@q2, !q}
Books
 z - a book of the Earth

   Spells                             Type                      Level
   a - Leda's Liquefaction            Hexes/Earth                  4
   b - Bolt of Magma                  Conjuration/Fire/Earth       5
   c - Statue Form                    Transmutation/Earth          6
   d - Iron Shot                      Conjuration/Earth            6
   e - Shatter                        Earth                        9
Miscellaneous
 d - a phial of floods (inert)
 i - a fan of gales (inert)
 N - a lamp of fire (inert)
 V - a crystal ball of energy
Comestibles
 e - 7 bread rations {@e1}
 k - 15 fruits
 J - 10 meat rations {@e2}


   Skills:
 + Level 5.1 Fighting
 - Level 4.2 Armour
 + Level 9.1 Dodging
 - Level 2.4 Stealth
 - Level 4.0 Shields
 * Level 1.0 Unarmed Combat
 - Level 11.0 Spellcasting
 - Level 7.5 Conjurations
 - Level 3.9 Transmutations
 - Level 21.3 Earth Magic
 - Level 6.1 Invocations
 - Level 15.1 Evocations


You had 7 spell levels left.
You knew the following spells:

 Your Spells              Type           Power        Failure   Level  Hunger
a - Sandblast             Erth           ######       0%          1    None
b - Bolt of Magma         Conj/Fire/Erth ######....   3%          5    ####...
c - Passwall              Tmut/Erth      ######....   1%          2    None
d - Petrify               Tmut/Erth      ######..     1%          4    #......
e - Iron Shot             Conj/Erth      ######....   2%          6    ######.
l - Lee's Rapid Deconstr  Erth           #######...   1%          5    ####...
o - Apportation           Tloc           ##........   8%          1    None
Y - Statue Form           Tmut/Erth      ######...    6%          6    ######.


Dungeon Overview and Level Annotations

Branches:
Dungeon (14/15)            Temple (1/1) D:5            Lair (6/6) D:11
  Swamp (2/4) Lair:4        Snake (1/4) Lair:2        Slime (0/5) Lair:5
    Orc (2/2) D:9             Elf (0/3) Orc:2        Vaults (0/5) D:13

Altars:
Ashenzari
Cheibriados
Dithmenos
Elyvilon
Fedhas
Gozag
Hepliaklqana
Kikubaaqudgha
Makhleb
Nemelex Xobeh
Okawaru
Qazlal
Ru
Sif Muna
Trog
Uskayaw
Vehumet
Xom
Yredelemnul
Zin
The Shining One
Beogh

Shops:
Orc:1 !   Orc:2 ==*[

Annotations:
D:6 Pikel
D:14 Kirke, Snorg
Swamp:2 1 runed door


Innate Abilities, Weirdness & Mutations

You are resistant to damage.
You can recharge devices by infusing magical energy.
You resist negative energy. (rN+)
You passively map the area around you.
You do not regenerate.
Your muscles are strong. (Str +2)


Message History

A very large slime creature splits.
A large slime creature splits.
You now have 14/31 mp.
You start eating one of the 8 bread rations {@e1}.
The large slime creature hits you!
Keep eating?
* * * LOW HITPOINT WARNING * * *
The slime creature misses you.
The slime creature barely misses you. x2
A large slime creature splits.
The slime creature hits you but does no damage.
You continue eating.
The slime creature barely misses you.
The slime creature hits you but does no damage. x2
The slime creature barely misses you. The slime creature misses you.
The slime creature hits you but does no damage.
You block the slime creature's attack.
You continue eating.
The slime creature closely misses you. The slime creature hits you.
You block the slime creature's attack. The slime creature barely misses you.
The slime creature hits you.
The slime creature hits you but does no damage. x2
The slime creature misses you.
You finish eating.
That bread ration really hit the spot!
You take 9 damage, and have 22/169 hp.
Blink to where?
Press: ? - help, Dir - move target cursor, p - slime creature You are very lightly contaminated with residual magic.
As you read the scroll of blinking, it crumbles to dust.
A slime creature suddenly becomes a large slime creature.
A slime creature suddenly becomes a very large slime creature.
A blink frog comes into view.
Casting: Iron Shot
Confirm with . or Enter, or press ? or * to list all spells.
Aiming: Iron Shot
Press: ? - help, Shift-Dir - straight line, f - blink frog
Aim: a blink frog (hasn't noticed you)
The iron shot hits the blink frog.
You kill the blink frog!
Makhleb accepts your kill.
You hear a croak.
You now have 10/31 mp.
A blink frog comes into view.
The blink frog blinks!
A blink frog comes into view.
The blink frog croaks.
The blink frog closely misses you.
Two slime creatures merge to form a large slime creature.
The blink frog blinks! x2
Casting: Iron Shot
Confirm with . or Enter, or press ? or * to list all spells.
Aiming: Iron Shot
Press: ? - help, Shift-Dir - straight line, f - large slime creature
Aim: a large slime creature (lightly wounded)
The iron shot hits the large slime creature.
The large slime creature is moderately wounded.
You now have 6/31 mp.
Casting: Iron Shot
Confirm with . or Enter, or press ? or * to list all spells.
Aiming: Iron Shot
Press: ? - help, Shift-Dir - straight line, f/p - large slime creature
Aim: a large slime creature (moderately wounded)
The iron shot hits the large slime creature.
The large slime creature is severely wounded.
You block the large slime creature's attack.
You now have 0/31 mp.
You barely miss the large slime creature.
The large slime creature is severely wounded.
The slime creature quivers.
You block the large slime creature's attack.
A slime creature suddenly becomes a large slime creature.
You barely miss the large slime creature.
The large slime creature is severely wounded.
The large slime creature misses you.
Two slime creatures merge to form a very large slime creature.
The large slime creature misses you.
You punch the large slime creature!
The large slime creature is severely wounded.
You block the large slime creature's attack.
Unknown command.
You pummel the large slime creature!!
The large slime creature is almost dead.
The blink frog blinks!
The large slime creature completely misses you.
Two slime creatures merge to form a titanic slime creature.
Unknown command.
Evoke which item? (* to show all) (? for menu, Esc to quit)
Really evoke
h - a wand of heal wounds (2/9) {@v1, !v}?
Zapping:
h - a wand of heal wounds (2/9) {@v1, !v}
Press: ? - help, Shift-Dir - straight line, f - you, p - titanic slime creature You feel much better.
This wand has 1 charge left.
Your transformation is almost over.
The blink frog blinks!
You regained 29 hp, and now have 51/169 hp.
Evoke which item? (* to show all) (? for menu, Esc to quit)
Really evoke
h - a wand of heal wounds (1/9) {@v1, !v}?
Zapping:
h - a wand of heal wounds (1/9) {@v1, !v}
Press: ? - help, Shift-Dir - straight line, f - you You feel much better.
This wand has 0 charges left.
The titanic slime creature completely misses you.
The titanic slime creature hits you!!!!
You die...

.....P██ █..P█.█.██
....P██ ██.[.>...█
....██ █...P.P█.█ ...██
█.....████ ...█
██...█..█ ...█████
█.█.....█
...█.█.████.......█
P..............P..█
█.P............█8██
█....███.P.....█J█
....████.█.....FF█ ....█
█..█.....█.███
....████.█.P...█...████
██..█.██..............██
██................█...P█
█.██.█.........█..██..██
██████/.......█.█..██.██


You could see a titanic slime creature and 2 blink frogs.

Vanquished Creatures
  2 thorn hunters (Swamp:2)
  Roxanne (D:14)
  The ghost of Krapule the Spear-Bearer, a journeyman MiGl of Yredelemnul (D:14)
  Nessos (D:14)
  An ettin (D:12)
  Erolcha (D:9)
  11 hydras
  Harold (Lair:4)
  2 catoblepae
  A centaur warrior (D:13)
  2 dancing weapons (D:13)
  A death knight (D:13)
  5 alligators
  6 tengu warriors
  3 orc high priests (Orc:2)
  The ghost of miragecloak the Corrupter of Planes, a novice FoAK of Lugonu (D:13)
  A shock serpent (Snake:1)
  A deep elf knight (D:11)
  2 unseen horrors
  A wizard (D:12)
  A swamp dragon (Swamp:2)
  6 orc knights
  6 hill giants
  5 ugly things
  A mana viper (Snake:1)
  A wolf spider (D:12)
  2 manticores (D:14)
  8 orc sorcerers
  3 cyclopes
  A deep elf mage (D:13)
  2 black mambas
  Maurice (Orc:1)
  Joseph (D:7)
  Psyche (D:9)
  2 ice statues (IceCv)
  A gargoyle (D:13)
  16 spiny frogs
  6 centaur zombies
  A kobold demonologist (D:14)
  A redback zombie (D:14)
  7 komodo dragons
  7 polar bears
  3 tengu conjurers (D:13)
  5 trolls
  Prince Ribbit (D:7)
  31 blink frogs
  8 hornets
  9 hippogriffs
  7 bog bodies
  2 tyrant leeches
  19 slime creatures
  2 shadows
  12 spriggans
  57 yaks
  A vampire (D:13)
  3 water elementals (D:13)
  5 wyverns
  2 hogs (D:14)
  A steam dragon (shapeshifter) (D:13)
  3 hungry ghosts (D:14)
  6 vampire mosquitoes
  A basilisk (D:13)
  Menkaure (D:7)
  A mottled dragon (D:13)
  3 nagas
  2 wargs
  3 insubstantial wisps (Lair:4)
  8 swamp worms
  14 water moccasins
  8 ice beasts
  9 porcupines
  3 swamp drakes
  A slave (D:6)
  A phantom (D:9)
  A hornet zombie (D:13)
  An eye of draining (D:10)
  16 orc warriors
  6 black bears
  5 ogres
  25 wolves
  4 boggarts (Lair:6)
  16 centaurs
  17 crocodiles
  6 big kobolds
  17 bullfrogs
  5 scorpions
  A wyvern skeleton (D:13)
  6 killer bees
  6 wights
  5 howler monkeys
  3 electric eels
  9 crimson imps
  3 centaur skeletons
  9 jellies
  5 bullfrog skeletons
  17 orc priests
  8 hounds
  2 iguanas
  Natasha (twice) (D:2)
  18 orc wizards
  13 worker ants
  A killer bee zombie (D:10)
  A hound skeleton (D:4)
  2 worker ant zombies
  11 gnolls
  14 adders
  2 river rats (D:11)
  5 shadow imps
  2 oozes
  An adder skeleton (D:8)
  A worm (shapeshifter) (D:14)
  7 worms
  A dart slug (D:1)
  3 leopard geckos
  74 orcs
  5 giant cockroaches
  3 goblins
  5 hobgoblins
  8 jackals
  5 quokkas
  A ball python (D:1)
  14 bats
  4 frilled lizards
  35 kobolds
  A leopard gecko skeleton (D:7)
  26 rats
  6 fungi
  A plant (Lair:6)
822 creatures vanquished.

Vanquished Creatures (collateral kills)
  An ettin (Orc:2)
  A catoblepas (D:11)
  Urug (Lair:4)
  A spiny frog (shapeshifter) (D:14)
  A slime creature (D:13)
  2 yaks (D:14)
  2 hogs (D:14)
  A warg (Orc:1)
  2 orc warriors (Orc:2)
  A bullfrog (D:14)
  An orc priest (Orc:2)
  3 orcs (Orc:2)
17 creatures vanquished.

Vanquished Creatures (others)
  A tengu warrior (D:13)
  An orc wizard (Orc:2)
  An orc priest (Orc:2)
  35 fungi
  46 plants
84 creatures vanquished.

Grand Total: 923 creatures vanquished

Notes
Turn   | Place    | Note
-------+----------+-------------------------------------------
     0 | D:1      | Goblin1989 the Deep Dwarf Earth Elementalist began the quest for the Orb.
     0 | D:1      | Reached XP level 1. HP: 15/15 MP: 3/3
   254 | D:1      | Reached XP level 2. HP: 22/22 MP: 2/4
   447 | D:1      | Reached skill level 5 in Earth Magic
   511 | D:1      | Found a shattered altar of Ashenzari.
  1258 | D:2      | Reached XP level 3. HP: 28/28 MP: 3/6
  1267 | D:2      | Learned a level 3 spell: Stone Arrow
  1821 | D:2      | Noticed Natasha
  1868 | D:2      | Killed Natasha
  1868 | D:2      | Reached skill level 1 in Conjurations
  1868 | D:2      | Reached XP level 4. HP: 33/36 MP: 1/7
  1954 | D:2      | Noticed Natasha
  1959 | D:2      | Killed Natasha
  2503 | D:3      | Reached skill level 6 in Earth Magic
  2730 | D:3      | Reached XP level 5. HP: 31/42 MP: 5/8
  3376 | D:4      | Reached XP level 6. HP: 37/49 MP: 4/10
  3714 | D:4      | Reached skill level 7 in Earth Magic
  3842 | D:3      | Learned a level 5 spell: Lee's Rapid Deconstruction
  4359 | D:5      | Entered Level 5 of the Dungeon
  4553 | D:5      | Noticed an ice beast
  4555 | D:5      | Killed an ice beast
  4555 | D:5      | Reached XP level 7. HP: 34/55 MP: 0/12
  5004 | D:5      | Found a glowing golden altar of the Shining One.
  5006 | D:5      | Found a stormy altar of Qazlal.
  5174 | D:5      | Reached skill level 8 in Earth Magic
  5332 | D:5      | Found a shimmering altar of Xom.
  5576 | D:5      | Found a staircase to the Ecumenical Temple.
  5585 | Temple   | Entered the Ecumenical Temple
  5779 | Temple   | Became a worshipper of Makhleb the Destroyer
  6051 | D:5      | Goblin1989: !lg soeti * ziggurat
  6051 | D:5      | beem: No games for soeti (* ziggurat).
  6051 | D:5      | Goblin1989: !lg soeti * zig
  6051 | D:5      | beem: 16. Soeti the Impregnable (L27 GrFi of Makhleb), slain by a reaper (a +4 scythe of protection) on Zig:10 on 2017-03-02 12:29:45, with 801832 points after 83125 turns and 5:51:50.
  6550 | D:7      | Noticed Prince Ribbit
  6553 | D:7      | Noticed Menkaure
  6608 | D:6      | Noticed Pikel
  6642 | D:7      | Killed Prince Ribbit
  6642 | D:7      | Reached skill level 5 in Conjurations
  6642 | D:7      | Reached skill level 9 in Earth Magic
  6642 | D:7      | Reached XP level 8. HP: 54/62 MP: 0/14
  6848 | D:7      | Noticed Joseph
  6869 | D:7      | Killed Joseph
  6869 | D:7      | Reached skill level 10 in Earth Magic
  6968 | D:7      | Learned a level 2 spell: Passwall
  7028 | D:7      | Reached * piety under Makhleb
  7070 | D:7      | Gained mutation: You passively map the area around you. [Deep Dwarf growth]
  7070 | D:7      | Reached XP level 9. HP: 27/68 MP: 3/16
  7302 | D:7      | Killed Menkaure
  7841 | D:8      | Reached skill level 11 in Earth Magic
  8062 | D:8      | Noticed a hill giant
  8289 | D:8      | Reached skill level 5 in Spellcasting
  8439 | D:8      | Killed a hill giant
  8439 | D:8      | Reached skill level 1 in Fighting
  8915 | D:8      | Reached skill level 12 in Earth Magic
  9007 | D:8      | Found a shadowy altar of Dithmenos.
  9172 | D:9      | Found a staircase to the Orcish Mines.
  9191 | D:9      | Reached skill level 1 in Evocations
  9209 | D:9      | Reached ** piety under Makhleb
  9346 | D:9      | Wingboner: &dumpp goblin1989
  9346 | D:9      | Wingboner: &dump goblin1989
  9346 | D:9      | beem: http://CRAWL.XTAHUA.COM/crawl/morgue/Goblin1989/Goblin1989.txt
  9539 | D:9      | Reached XP level 10. HP: 80/80 MP: 14/18
  9770 | D:9      | Noticed Erolcha
  9773 | D:9      | Killed Erolcha
 10001 | D:9      | Noticed Psyche
 10006 | D:9      | Killed Psyche
 10105 | D:9      | Reached skill level 13 in Earth Magic
 10614 | D:9      | Found a roughly hewn altar of Beogh.
 10817 | D:10     | Entered Level 10 of the Dungeon
 10927 | D:10     | Reached skill level 5 in Dodging
 11573 | D:10     | Reached *** piety under Makhleb
 11622 | D:10     | Reached skill level 5 in Evocations
 11904 | D:10     | Noticed a hill giant
 11913 | D:10     | Killed a hill giant
 11913 | D:10     | Reached skill level 14 in Earth Magic
 12145 | D:10     | Reached XP level 11. HP: 77/86 MP: 6/20
 12672 | D:11     | Noticed a deep elf knight
 12675 | D:11     | Killed a deep elf knight
 12676 | D:11     | Noticed a green ugly thing
 13036 | Orc:1    | Entered Level 1 of the Orcish Mines
 13251 | Orc:1    | Found a bloodstained altar of Trog.
 13256 | Orc:1    | Noticed an orc knight
 13301 | Orc:1    | Noticed an orc sorcerer
 13303 | Orc:1    | Noticed an orc sorcerer
 13304 | Orc:1    | Killed an orc sorcerer
 13304 | Orc:1    | Killed an orc sorcerer
 13304 | Orc:1    | Noticed an orc knight
 13308 | Orc:1    | Noticed Maurice
 13387 | Orc:2    | Entered Level 2 of the Orcish Mines
 13556 | D:11     | Killed a green ugly thing
 13556 | D:11     | Reached skill level 1 in Invocations
 13661 | D:11     | Reached **** piety under Makhleb
 13775 | D:11     | Found a staircase to the Lair.
 13842 | Lair:1   | Entered Level 1 of the Lair of Beasts
 13855 | Lair:1   | Noticed a four-headed hydra
 13928 | Lair:1   | Killed a four-headed hydra
 14013 | Lair:1   | Found a frozen archway.
 14024 | IceCv    | Entered an ice cave
 14024 | IceCv    | Noticed a white ugly thing
 14027 | IceCv    | Reached skill level 15 in Earth Magic
 14041 | IceCv    | Killed a white ugly thing
 14124 | IceCv    | Noticed a white ugly thing
 14159 | IceCv    | Killed a white ugly thing
 14493 | Lair:1   | Got a jasper-studded ring mail
 14675 | Lair:1   | Learned a level 4 spell: Petrify
 14697 | Lair:1   | Identified the cursed +1 ring mail "Sauzole" {rN+ rCorr SInv} (You found it on level 1 of the Lair of Beasts)
 15198 | Lair:2   | Reached XP level 12. HP: 78/100 MP: 10/23
 15376 | Lair:2   | Found a staircase to the Snake Pit.
 15588 | Lair:1   | Reached skill level 16 in Earth Magic
 15644 | Lair:2   | Noticed a six-headed hydra
 15878 | Lair:2   | Reached skill level 5 in Fighting
 16461 | Lair:2   | Killed a six-headed hydra
 16461 | Lair:2   | Reached skill level 1 in Armour
 16511 | Lair:2   | Noticed a five-headed hydra
 16517 | Lair:2   | Killed a five-headed hydra
 16753 | Lair:3   | Noticed a five-headed hydra
 16769 | Lair:3   | Killed a five-headed hydra
 17463 | Lair:3   | Reached ***** piety under Makhleb
 17561 | Lair:4   | Noticed Harold
 17574 | Lair:4   | Killed Harold
 17574 | Lair:4   | Reached skill level 17 in Earth Magic
 17655 | Lair:4   | Found a staircase to the Swamp.
 17659 | Lair:4   | Noticed a seven-headed hydra
 17680 | Lair:4   | Killed a seven-headed hydra
 17801 | Lair:4   | Got a brightly glowing leather armour
 17812 | Lair:4   | Identified the cursed +0 leather armour of Xom's Pride {rF+ rC+ rN+ MR+} (You found it on level 4 of the Lair of Beasts)
 17868 | Lair:4   | Noticed Urug
 18258 | Lair:4   | Killed Urug
 18447 | Lair:4   | Reached XP level 13. HP: 108/109 MP: 7/25
 19217 | Lair:5   | Found a staircase to the Slime Pits.
 20094 | Lair:6   | Entered Level 6 of the Lair of Beasts
 20468 | D:11     | Reached skill level 18 in Earth Magic
 20762 | D:11     | Reached skill level 10 in Evocations
 20965 | D:11     | Learned a level 1 spell: Apportation
 21794 | Orc:2    | Found a staircase to the Elven Halls.
 21818 | Orc:2    | Noticed an ettin
 21919 | Orc:2    | Killed an ettin
 22992 | Orc:2    | Reached ****** piety under Makhleb
 23225 | Orc:2    | Found Pets's Jewellery Shoppe.
 23225 | Orc:2    | Found Beodgh's Armour Boutique.
 23227 | Orc:2    | Found Lafe Xixt's Assorted Antiques.
 23227 | Orc:2    | Found Gurrekal's Jewellery Shoppe.
 23324 | Orc:1    | Found Xoikhlupo's Distillery.
 23377 | Orc:2    | Bought a brightly glowing dagger for 238 gold pieces
 23377 | Orc:2    | Identified the +2 dagger "Hesuk" {protect, rC+ Str+3 Stlth+} (You bought it in a shop on level 2 of the Orcish Mines)
 23561 | Orc:1    | Killed Maurice
 23714 | Orc:1    | Bought a potion of ambrosia for 88 gold pieces
 23714 | Orc:1    | Bought a potion of resistance for 110 gold pieces
 23714 | Orc:1    | Bought a potion of haste for 110 gold pieces
 23967 | Orc:2    | Bought a glowing cloak for 357 gold pieces
 23980 | Orc:2    | Bought a +1 pair of boots of stealth for 280 gold pieces
 23988 | Orc:2    | Bought a cursed ring of see invisible for 156 gold pieces
 23992 | Orc:2    | Bought the amulet of Xom's Recklessness {Inacc *Drain rElec rC+} for 166 gold pieces
 24565 | Lair:6   | Gained mutation: You resist negative energy. (rN+) [Deep Dwarf growth]
 24565 | Lair:6   | Reached XP level 14. HP: 79/117 MP: 0/27
 24759 | Lair:6   | Reached skill level 19 in Earth Magic
 26370 | Lair:6   | Reached skill level 1 in Shields
 26467 | Lair:6   | Reached skill level 10 in Spellcasting
 27449 | Swamp:1  | Entered Level 1 of the Swamp
 27594 | Swamp:1  | Gained mutation: Your muscles are strong. (Str +2) [potion of beneficial mutation]
 28240 | D:12     | Noticed a storm dragon
 28351 | D:12     | HP: 1/117 [storm dragon (8)]
 28668 | Swamp:1  | Reached skill level 20 in Earth Magic
 30020 | Swamp:1  | Reached XP level 15. HP: 86/123 MP: 2/29
 30704 | D:13     | Identified the ring of Yrhopt {*Tele +Inv rN++ Str+5} (You found it on level 13 of the Dungeon)
 31207 | D:13     | Reached skill level 5 in Invocations
 31739 | D:13     | Noticed miragecloak's ghost (novice FoAK)
 31754 | D:13     | Killed miragecloak's ghost
 31954 | D:13     | Found a gate to the Vaults.
 32796 | D:14     | Reached skill level 1 in Transmutations
 32802 | D:14     | Noticed Krapule's ghost (journeyman MiGl)
 33064 | D:14     | Killed Krapule's ghost
 34350 | D:14     | Noticed Roxanne
 34354 | D:14     | Killed Roxanne
 34359 | D:14     | Noticed Nessos
 34379 | D:14     | Killed Nessos
 34557 | D:14     | Noticed Kirke
 34693 | D:13     | Reached skill level 21 in Earth Magic
 34842 | D:14     | Noticed Snorg
 35190 | D:14     | Learned a level 6 spell: Statue Form
 35197 | D:14     | Learned a level 6 spell: Iron Shot
 35404 | Snake:1  | Entered Level 1 of the Snake Pit
 35436 | Snake:1  | Learned a level 5 spell: Bolt of Magma
 36122 | Swamp:2  | Reached skill level 15 in Evocations
 36454 | Swamp:2  | Found a runed door.
 36454 | Swamp:2  | Noticed a tentacled monstrosity
 36809 | Swamp:2  | Noticed a thorn hunter
 36832 | Swamp:2  | Killed a thorn hunter
 37279 | Swamp:2  | Noticed a thorn hunter
 37287 | Swamp:2  | Killed a thorn hunter
 37800 | Swamp:2  | Reached XP level 16. HP: 89/130 MP: 5/31
 38004 | Swamp:2  | Reached skill level 1 in Unarmed Combat
 38210 | Lair:4   | Mangled by a titanic slime creature

Skill      XL: |  1  2  3  4  5  6  7  8  9 10 11 12 13 14 15 16 |
---------------+-------------------------------------------------+-----
Earth Magic    | 5 6 7 9 10 12 14 15 17 18 20 21 | 21.3
Spellcasting   | 2 3 4 5 6 7 8 9 10 11 | 11.0
Conjurations   | 1 2 3 5 6 7 |  7.5
Fighting       | 2 4 5 |  5.1
Dodging        | 4 6 8 9 |  9.1
Evocations     | 2 5 6 9 11 13 15 | 15.1
Invocations    | 4 6 |  6.1
Armour         | 4 |  4.2
Shields        | 4 |  4.0
Transmutations | 3 |  3.9
Unarmed Combat | 1 |  1.0
Stealth        | |  2.4

Action                   |  1- 3 |  4- 6 |  7- 9 | 10-12 | 13-15 | 16-18 || total
-------------------------+-------+-------+-------+-------+-------+-------++-------
Melee: Spear             |       |       |     7 |     1 |       |       ||     8
       Flail             |       |       |       |       |     6 |       ||     6
       Staff             |       |       |       |       |    15 |       ||    15
       Unarmed           |       |       |       |       |       |    68 ||    68
 Cast: Sandblast         |    47 |    87 |    45 |   160 |   225 |       ||   564
       Stone Arrow       |     7 |     9 |    90 |   163 |   499 |       ||   768
       Lee's Rapid Decon |       |     1 |    19 |   126 |   205 |       ||   351
       Petrify           |       |       |       |     3 |    29 |       ||    32
       Iron Shot         |       |       |       |       |    43 |    15 ||    58
       Bolt of Magma     |       |       |       |       |    17 |     2 ||    19
       Statue Form       |       |       |       |       |     5 |     4 ||     9
       Apportation       |       |       |       |       |     5 |       ||     5
Evoke: Wand              |       |     1 |     4 |    19 |    66 |     5 ||    95
       Phial of floods   |       |       |       |     1 |     3 |       ||     4
       Crystal ball of e |       |       |       |       |     6 |     1 ||     7
       Sack of spiders   |       |       |       |       |     2 |       ||     2
       Fan of gales      |       |       |       |       |     1 |       ||     1
       Lamp of fire      |       |       |       |       |     1 |       ||     1
  Use: Scroll            |       |       |    15 |    13 |    15 |     2 ||    45
       Potion            |       |       |    11 |     2 |    10 |       ||    23
  Eat: Chunk             |     5 |     9 |    20 |    50 |    81 |     2 ||   167
       Royal jelly       |       |       |     2 |       |     1 |       ||     3
       Beef jerky        |       |       |     1 |     1 |     4 |       ||     6
       Fruit             |       |       |     3 |    13 |    25 |     3 ||    44
       Pizza             |       |       |       |       |     2 |       ||     2
       Bread ration      |       |       |       |       |     1 |     1 ||     2
Armor: Robe              |       |     4 |    12 |    42 |       |       ||    58
       Ring mail         |       |       |       |    24 |    12 |       ||    36
       Leather armour    |       |       |       |       |   101 |     1 ||   102
       Skin              |       |       |       |       |     4 |    70 ||    74
Dodge: Dodged            |     9 |    20 |    36 |   173 |   384 |   115 ||   737
Block: Buckler           |       |       |       |       |   104 |    52 ||   156

Vault maps used:
D:1:      dpeg_arrival_pond, corexii_leaking_fountain, evilmike_ruin_ashenzari
D:2:      uniq_natasha
D:4:      first_bread
D:5:      gammafunk_temple_overflow_forgotten, lemuel_temple_firewalk_b,
          solitary_fountain, small_statue_intersection
D:6:      mrwooster_statue_mirror, uniq_pikel, uniq_edmund, uniq_duvessa,
          uniq_blork_the_orc
D:7:      uniq_menkaure, uniq_joseph, uniq_prince_ribbit1
D:8:      blue_anna_alchemist, dk_vineyard_3, grunt_dithmenos_smoke
D:9:      david_orc_3, uniq_erolcha, uniq_psyche
D:10:     minmay_ornate_pinched
D:11:     grunt_lair_entry_orc_guard_hut, minmay_misc_feat_tower,
          minmay_misc_feat_secret_circle
D:12:     minmay_tearing_corner, serial_glass, glass_columns_c, glass_columns_a,
          kennysheep_generic_room_5
D:13:     erik_vaults_1, serial_bayou, serial_bayou_pond_e,
          serial_bayou_lagoon_a, serial_bayou_ford_a, serial_bayou_pond_e
D:14:     kennysheep_water_balloons, kennysheep_big_empty_room,
          item_on_display_a, uniq_kirke, uniq_snorg, uniq_roxanne, uniq_nessos
Temple:   eino_narrow_crystal_temple
Lair:1:   portal_ice_cave_entry_pillars_1, grunt_megastairs_4
Lair:2:   guppyfry_snake_entry_garden, nicolae_quartered_pool_little,
          infiniplex_staircase_pool, serial_bayou_shore_a, grunt_megastairs_2
Lair:3:   ldierk_geyser, grunt_forest_large_clearings
Lair:4:   minmay_swamp_entry_wisps, uniq_urug, uniq_harold
Lair:5:   minmay_slime_entry_pillars
Lair:6:   minmay_lair_end_enchanted_forest, minmay_stone_trees_small,
          grunt_forest_large_clearing_hut
Swamp:1:  evilmike_swamp_ruin_house_4
Swamp:2:  cheibrodos_swamp_sealed, evilmike_swamp_ruin_house_6
Snake:1:  spider_trap, serial_bayou_shore_b
Orc:1:    serial_shops, shop_statue, bloody_trog, uniq_maurice
Orc:2:    grunt_orc_tribal_feast
IceCv:    ice_cave_statue_garden_teleport
